 Dungeon Crawl Stone Soup version 0.28-a0-793-g31680bbd8b (webtiles) character file.

Game seed: 13126252183777689284

39 kae the Caller (level 3, -1/26 HPs)
             Began as a Merfolk Summoner on Nov 4, 2021.
             Slain by a gnoll (8 damage)
             ... on level 1 of the Dungeon.
             The game lasted 00:01:02 (1867 turns).

kae the Caller (Merfolk Summoner)                   Turns: 1867, Time: 00:01:02

Health: -1/26      AC:  2    Str:  8    XL:     3   Next: 45%
Magic:  14/15      EV: 13    Int: 15    God:
Gold:   24         SH:  0    Dex: 14    Spells: 3/6 levels left

rFire   . . .      SeeInvis .   j - +4 short sword
rCold   . . .      Faith    .   (no shield)
rNeg    . . .      Spirit   .   a - +0 robe
rPois   .          Reflect  .   (no helmet)
rElec   .          Harm     .   (no cloak)
rCorr   .          Rampage  .   (no gloves)
Will    .....                   (no boots)
Stlth   ++........              (no amulet)
HPRegen 0.08/turn               k - ring of magical power
MPRegen 0.14/turn               (no ring)

@: no status effects
A: (nimble swimmer 2), mertail
a: no special abilities


You were on level 1 of the Dungeon.
You visited 1 branch of the dungeon, and saw 2 of its levels.

You collected 24 gold pieces.

Inventory:

Hand Weapons
 b - a +0 whip
 j - a +4 short sword (weapon)
Armour
 a - a +0 robe (worn)
Jewellery
 k - a ring of magical power (left hand)
Scrolls
 d - a scroll of amnesia {unknown}
 e - a scroll of enchant weapon {unknown}
 i - a scroll of teleportation {unknown}
Potions
 c - a potion of heal wounds {unknown}
 f - a potion of attraction {unknown}
 g - a potion of brilliance {unknown}
 h - 2 potions of might {unknown}
 l - a potion of curing {unknown}


   Skills:
 + Level 1.2 Fighting
 + Level 3.3 Dodging
 - Level 2.1 Stealth
 + Level 2.3 Spellcasting
 * Level 4.4 Summonings


You had 3 spell levels left.
You knew the following spells:

 Your Spells              Type           Power      Damage    Failure   Level
a - Summon Small Mammal   Summ           60%        N/A       3%          1
b - Call Imp              Summ           15%        N/A       5%          2

Your spell library contained the following spells:

 Spells                   Type           Power      Damage    Failure   Level
 Call Canine Familiar     Summ           15%        N/A       11%         3
 Summon Guardian Golem    Hex/Summ       8%         N/A       26%         3
 Summon Lightning Spire   Summ/Air       8%         N/A       65%         4
 Passage of Golubria      Tloc           1%         N/A       91%         4
 Silence                  Hex/Air        0%         N/A       99%         5
 Lehudib's Crystal Spear  Conj/Erth      0%         10d2      100%        8


Dungeon Overview and Level Annotations

Branches:
Dungeon (2/15)

Altars:


Innate Abilities, Weirdness & Mutations

((You are quick and stealthy near water. (Stealth+, EV+, Speed+++)))
Your lower body shifts to a powerful aquatic tail in water.


Message History

Confirm with . or Enter, or press ? or * to list all spells.
The jackal closely misses you. The jackal bites you.
* * * LOW HITPOINT WARNING * * *
The jackal bites you.
* * * LOW HITPOINT WARNING * * *
Casting: Summon Small Mammal (safe; 3% risk of failure)
Confirm with . or Enter, or press ? or * to list all spells.
The jackal misses you.
Your quokka bites the jackal.
The jackal misses you.
Your quokka bites the jackal.
You swap places.
The jackal closely misses your rat.
Your quokka bites the jackal but does no damage.
The jackal barely misses your rat.
Your quokka barely misses the jackal.
Your rat closely misses the jackal.
The jackal barely misses your rat.
Your quokka barely misses the jackal.
The jackal bites your rat.
Your rat bites the jackal.
The jackal dies!
You swap places.
There is a stone staircase leading down here.
You start resting.
Magic restored.
Your quokka disappears in a puff of smoke!
Your rat disappears in a puff of smoke!
HP restored.
You climb downwards.
There is a stone staircase leading up here.
The gnoll hits you with a +0 spear!
The gnoll hits you from afar with a +0 spear.
There is a stone staircase leading up here.
The gnoll barely misses you. x2
You climb upwards.
There is a stone staircase leading down here.
The gnoll hits you from afar with a +0 spear.
You see here a jackal skeleton.
Casting: Summon Small Mammal (safe; 3% risk of failure)
Confirm with . or Enter, or press ? or * to list all spells.
The gnoll hits you from afar with a +0 spear.
* * * LOW HITPOINT WARNING * * *
The gnoll hits you from afar with a +0 spear!
You die...

.......#..##.###≈≈#≈≈..#≈#≈#≈#.#
..........##.#################.#
........#.........(.#########..#
........#..#.####.#...........##
........#..#......#.###########
........#..#.####.#.#
........#.........#.#
####....#....######.#
........#.[.>÷g.@.r.#
####.......##########
...........# .#######.#.# .#
#.#.# .# #.#.# .# #.#.# .# #.#.#
.#######.#.#


You could see a gnoll (ally target) and a friendly quokka (summoned).

Vanquished Creatures
  An adder (D:2)
  A dart slug (D:2)
  An endoplasm (D:2)
  A hobgoblin (D:2)
  3 jackals (D:2)
  4 quokkas (D:2)
  A bat (D:1)
  A frilled lizard (D:1)
  A rat (D:1)
14 creatures vanquished.

Vanquished Creatures (collateral kills)
  2 endoplasms (D:2)
  A giant cockroach (D:1)
  A hobgoblin (D:1)
  A jackal (D:1)
  2 kobolds (D:1)
  A quokka (D:2)
  2 bats (D:1)
  A frilled lizard (D:2)
11 creatures vanquished.

Grand Total: 25 creatures vanquished

Notes
Turn   | Place    | Note
-------+----------+-------------------------------------------
     0 | D:1      | kae the Merfolk Summoner began the quest for the Orb.
     0 | D:1      | Reached XP level 1. HP: 13/13 MP: 3/3
   535 | D:1      | Reached XP level 2. HP: 14/20 MP: 3/5
   653 | D:1      | Learned a level 2 spell: Call Imp
   680 | D:1      | Found a faded altar of an unknown god.
  1281 | D:2      | Reached skill level 1 in Fighting
  1353 | D:2      | Reached XP level 3. HP: 24/26 MP: 6/6
  1867 | D:1      | Slain by a gnoll

Illustrated notes

Levels and vault maps discovered:
D:1:      enne_arrival_octagon_isle, layout_basic,
          shapermc_ecumenical_altar_acropolis
D:2:      layout_rooms, basic_altar

Skill      XL: |  1  2 |
---------------+-------+-----
Dodging        | 3 |  3.3
Fighting       | 1 |  1.2
Stealth        | |  2.1
Spellcasting   | |  2.3
Summonings     | |  4.4

Action                   || total
-------------------------++-------
Melee: Whip              ||    20
       Unarmed           ||     6
       Short sword       ||    30
 Cast: Summon Small Mamm ||    25
 Stab: Sleeping          ||     1
       Distracted        ||     1
Armor: Robe              ||    20
Dodge: Dodged            ||    62

Table legend: (Time is in decaauts)
 A = Elapsed time spent in this place.
 B = Non-inter-level travel time spent in this place.
 C = Inter-level travel time spent in this place.
 D = Time resting spent in this place.
 E = Time spent auto-exploring this place.
 F = Levels seen in this place.
 G = Mean time per level.
                   A        B        C        D        E       F      G
               +--------+--------+--------+--------+--------+-----+--------+
         Total |   1862 |   1840 |     22 |    374 |   1161 |   2 |  931.0 |
       Dungeon |   1862 |   1840 |     22 |    374 |   1161 |   2 |  931.0 |
               +--------+--------+--------+--------+--------+-----+--------+

Top non-repeatable levels by time:
     D:1: 1256 daAuts
     D:2: 605 daAuts
